 Dungeon Crawl Stone Soup version 0.31-a0-236-g9a0961fb85 (webtiles) character file.

Game seed: 13574989124679082712

23 qw the Shooter (level 2, -2/24 HPs)
             Began as a Minotaur Hexslinger on July 10, 2023.
             Slain by Terence
             ... wielding a +0 mace
              (7 damage)
             ... on level 2 of the Dungeon.
             The game lasted 00:00:21 (1039 turns).

qw the Shooter (Minotaur Hexslinger)                Turns: 1039, Time: 00:00:21

Health: -2/24      AC:  2    Str: 11 (12) XL:     2   Next: 72%
Magic:  2/2        EV: 12    Int:  8 (10) God:
Gold:   69         SH:  0    Dex:  9 (12) Spells: 2/3 levels left

rFire   . . .        Y - +1 sling
rCold   . . .        (no shield)
rNeg    . . .        c - +0 robe
rPois   .            (helmet restricted)
rElec   .            (no cloak)
rCorr   .            (no gloves)
SInv    .            (no boots)
Will    .....        (no amulet)
Stlth   +            (no ring)
HPRegen 0.24/turn    (no ring)
MPRegen 0.08/turn

%: no passive effects
@: about to teleport
A: horns 2, retaliatory headbutt
a: no special abilities


You were on level 2 of the Dungeon.
You visited 1 branch of the dungeon, and saw 2 of its levels.

You collected 95 gold pieces.
You spent 26 gold pieces at shops.


Innate Abilities, Weirdness & Mutations

You have a pair of horns on your head.
You reflexively headbutt those who attack you in melee.


   Skills:
 - Level 2.0 Fighting
 + Level 3.3 Ranged Weapons
 - Level 2.1 Dodging
 - Level 1.0 Spellcasting
 - Level 2.0 Hexes


You had 2 spell levels left.
You knew the following spells:

 Your Spells              Type           Power      Damage    Failure   Level
a - Slow                  Hex            12%        N/A       17%         1

Your spell library contained the following spells:

 Spells                   Type           Power      Damage    Failure   Level
 Inner Flame              Hex/Fire       2%         N/A       61%         3
 Portal Projectile        Hex/Tloc       4%         N/A       61%         3
 Cause Fear               Hex            1%         N/A       86%         4

Inventory:

Hand Weapons
 Y - a +1 sling (weapon)
Armour
 c - a +0 robe (worn)
 d - a +0 leather armour
 g - a +0 ring mail
Scrolls
 a - a scroll of fog {unknown}
 b - 6 scrolls of identify
 e - a scroll of enchant weapon {unknown}
 i - a scroll of torment {unknown}
Potions
 f - a potion of haste
 j - a potion of mutation {unknown}
 k - a potion of lignification {unknown}

Dungeon Overview and Level Annotations

Branches:
Dungeon (2/15)

Altars:

Shops:
D:2 [

Annotations:
D:2 Terence


Message History

Enter note:
Enter note:
Enter note:
Enter note:
Enter note: Terence the Incautious comes into view.
He is wielding a +0 mace and wearing a +0 scale mail of willpower.
Enter note:
Enter note:
Enter note:
Enter note:
Enter note:
Enter note: You shoot a sling bullet.
The sling bullet hits Terence.
Terence is lightly wounded.
You shoot a sling bullet. The sling bullet hits Terence.
Terence is lightly wounded.
Terence barely misses you.
You shoot a sling bullet.
The sling bullet hits Terence but does no damage.
Terence is lightly wounded.
Terence screams, "I'm going to kill you!"
Terence hits you with a +0 mace.
You shoot a sling bullet. The sling bullet hits Terence.
Terence is heavily wounded.
Terence barely misses you. Terence hits you with a +0 mace.
You shoot a sling bullet.
The sling bullet closely misses Terence.
Terence barely misses you.
You shoot a sling bullet.
The sling bullet hits Terence but does no damage.
Terence is heavily wounded.
Terence hits you with a +0 mace!
You shoot a sling bullet. The sling bullet hits Terence.
Terence is severely wounded.
Terence hits you with a +0 mace!
1039 ||| READING scroll of teleportation.
As you read the scroll of teleportation, it crumbles to dust.
You feel strangely unstable. Terence hits you with a +0 mace!
You die...

#.....#.#.#
#.#.#.#..#####
#.###.#.#.###.##.##..#
.........<....##.##..#
#.#..............##..#
#......##............#
###..#.####.####.###.#
###..#.# #.####.###.#
.....#.####......@...#
##............[.@#
#.#.#.#########.#
##.#.#.#########.#
.....# ..........#
#.#### #########.#
#.##############.#
#.%............?.#
##################


You could see Terence.

Vanquished Creatures
  A dart slug (D:1)
  2 endoplasms (D:1)
  4 goblins (D:1)
  3 hobgoblins
  2 quokkas (D:2)
  2 ball pythons
  A frilled lizard (D:1)
  2 kobolds (D:1)
  3 rats
20 creatures vanquished.

Notes
Turn   | Place    | Note
-------+----------+-------------------------------------------
     0 | D:1      | qw the Minotaur Hexslinger began the quest for the Orb.
     0 | D:1      | Reached XP level 1. HP: 16/16 MP: 1/1
     0 | D:1      | 0 ||| qw: Version: 0.3-a-52-g30416fa
     0 | D:1      | 0 ||| qw: Game counter: 4869
     0 | D:1      | 0 ||| qw: Melee chars always use a shield: true
     0 | D:1      | 0 ||| qw: God list: Okawaru
     0 | D:1      | 0 ||| qw: Allow faded altars: false
     0 | D:1      | 0 ||| qw: Do Orc after clearing Dungeon:15 true
     0 | D:1      | 0 ||| qw: Do second Lair branch before Depths: true
     0 | D:1      | 0 ||| qw: Lair rune preference: random
     0 | D:1      | 0 ||| qw: Goals: Normal
     0 | D:1      | 0 ||| PLANNING D:1-11
   168 | D:1      | 168 ||| FLEEEEING.
   169 | D:1      | 169 ||| FLEEEEING.
   340 | D:1      | Reached skill level 3 in Ranged Weapons
   340 | D:1      | Reached XP level 2. HP: 23/23 MP: 2/2
   751 | D:1      | 751 ||| READING scroll labelled ACRIULIHUH.
   752 | D:1      | 752 ||| READING scroll labelled YWIGIC ETYDYNN.
   753 | D:1      | 753 ||| READING scroll labelled INAECY ZUARU.
   756 | D:1      | 756 ||| READING scroll labelled EDU BA MEBAUD.
   757 | D:1      | 757 ||| DRINKING 2 dark potions.
   758 | D:1      | 758 ||| DRINKING 2 bubbling pink potions.
   759 | D:1      | 759 ||| DROPPING scroll of poison.
   760 | D:1      | 760 ||| DROPPING potion of degeneration.
   837 | D:2      | Found Donimena's Armour Shop.
   842 | D:2      | 842 ||| BUYING +0 leather armour (26 gold).
   842 | D:2      | Bought a +0 leather armour for 26 gold pieces
   842 | D:2      | 842 ||| SHOPLISTING +0 pair of boots of stealth (149 gold,
                  | have 29).
   842 | D:2      | 842 ||| SHOPLISTING +0 ring mail (52 gold, have 29).
   842 | D:2      | 842 ||| SHOPLISTING +1 leather armour of cold resistance
                  | (182 gold, have 29).
  1031 | D:2      | Noticed Terence
  1038 | D:2      | HP: 4/24 [Terence/+0 mace (8)]
  1039 | D:2      | 1039 ||| READING scroll of teleportation.
  1039 | D:2      | Slain by Terence

Levels and vault maps discovered:
D:1:      amcnicky_arrival_abandoned_market, layout_loops_ring,
          kennysheep_minor_cross
D:2:      layout_loops_ring, serial_shops, shop_fountains,
          kennysheep_generic_room_16, uniq_terence, uniq_natasha

Skill      XL: |  1  2 |
---------------+-------+-----
Ranged Weapons | 3 |  3.3
Fighting       | 2 |  2.0
Dodging        | |  2.1
Spellcasting   | |  1.0
Hexes          | |  2.0

Action                     || total
---------------------------++-------
   Fire: Sling             ||    50
    Use: Scroll            ||     5
         Potion            ||     2
 Armour: Robe              ||     1
  Dodge: Dodged            ||     7

Table legend:
 A = Non-vault XP
 B = Vault XP
 C = Vault XP percentage of total XP
 D = Non-vault monster count
 E = Vault monster count
 F = Vault count percentage of total count
                 A         B        C        D         E       F
            +---------+---------+-------+---------+---------+-------
      Total |      33 |       0 |   0.0 |      20 |       0 |   0.0
            +---------+---------+-------+---------+---------+-------
        D:1 |      25 |       0 |   0.0 |      15 |       0 |   0.0
        D:2 |       8 |       0 |   0.0 |       5 |       0 |   0.0
            +---------+---------+-------+---------+---------+-------
